 Dungeon Crawl Stone Soup version 0.29.1-1-gd02db6906a (webtiles) character file.

Game seed: 14472455493275102690

649 groovy9 the Skirmisher (level 7, -1/48 (50) HPs)
             Began as a Formicid Hunter on Sept 19, 2022.
             Slain by a gnoll sergeant
             ... wielding a +2 vorpal spear
              (5 damage)
             ... on level 5 of the Dungeon.
             The game lasted 00:10:20 (4156 turns).

groovy9 the Skirmisher (Formicid Hunter)            Turns: 4156, Time: 00:10:21

HP:   -1/48 (50)    AC:  6    Str: 15    XL:     7   Next: 83%
MP:   16/16         EV: 12    Int:  9    God:
Gold: 176           SH:  0    Dex: 19    Spells: 6/6 levels left

rFire   . . .      SeeInvis +   a - +0 shortbow
rCold   + + .      Faith    .   (no shield)
rNeg    . . .      Spirit   .   q - +3 leather armour {rC+}
rPois   .          Reflect  .   (helmet unavailable)
rElec   .          Harm     .   (no cloak)
rCorr   .          Rampage  .   (no gloves)
Will    .....                   (no boots)
Stlth   ++........              (no amulet)
HPRegen 0.16/turn               o - ring of magical power
MPRegen 0.15/turn               m - ring of protection from cold

@: lightly drained
A: permanent stasis, dig shafts and tunnels, antennae 3, four strong arms
a: Dig, Shaft Self


You were on level 5 of the Dungeon.
You visited 1 branch of the dungeon, and saw 5 of its levels.

You collected 176 gold pieces.

Inventory:

Hand Weapons
 a - a +0 shortbow (weapon)
 b - the +3 whip of Blood-Lust {holy, rPois rF++ Dex-4 SInv}
   (You found it on level 4 of the Dungeon)

   It has been blessed by the Shining One to cause great damage to the undead
   and demons.
   Dex:       It affects your dexterity (-4).
   rF:        It greatly protects you from fire.
   rPois:     It protects you from poison.
   SInv:      It lets you see invisible.
 c - a +0 dagger of speed
Missiles
 k - 3 curare-tipped darts
Armour
 j - a +0 tower shield
 q - a +3 leather armour of cold resistance (worn)
Jewellery
 m - a ring of protection from cold (right hand)
 o - a ring of magical power (left hand)
Wands
 h - a wand of flame (21)
Scrolls
 d - a scroll of immolation
 e - 2 scrolls of identify
 i - a scroll of poison
Potions
 f - a potion of cancellation
 g - a potion of magic
 l - a potion of flight
 n - a potion of resistance {unknown}
 p - a potion of brilliance {unknown}
 r - a potion of haste {unknown}
 s - a potion of lignification {unknown}


   Skills:
 - Level 2.1 Fighting
 + Level 9.0 Ranged Weapons
 - Level 1.7 Dodging
 - Level 1.2 Stealth


You had 6 spell levels left.
You didn't know any spells.
Your spell library contained the following spells:

 Spells                   Type           Power      Damage    Failure   Level
 Apportation              Tloc           0%         N/A       45%         1
 Call Canine Familiar     Summ           0%         N/A       83%         3
 Dazzling Flash           Conj/Hex       0%         N/A       83%         3
 Mephitic Cloud           Conj/Pois/Air  0%         N/A       83%         3
 Portal Projectile        Hex/Tloc       0%         N/A       83%         3
 Leda's Liquefaction      Hex/Erth       0%         N/A       99%         4
 Alistair's Intoxication  Tmut/Pois      0%         N/A       100%        5
 Silence                  Hex/Air        0%         N/A       100%        5


Dungeon Overview and Level Annotations

Branches:
Dungeon (5/15)
 Temple: D:4-7

Altars:
Sif Muna


Innate Abilities, Weirdness & Mutations

You cannot be hasted, slowed, berserked, paralysed or teleported.
You can dig through walls and to a lower floor.
You have a pair of large antennae on your head. (SInv)
Your four strong arms can wield two-handed weapons with a shield.


Message History

A scorpion comes into view.
You shoot an arrow.
The arrow closely misses the gnoll sergeant.
You extend your mandibles.
You dig through the rock wall.
You feel drained.
You retract your mandibles.
You shoot an arrow. The arrow hits the gnoll sergeant!
The gnoll sergeant is moderately wounded.
The gnoll sergeant hits you with a +2 vorpal spear!
You are too injured to fight recklessly!
Fire: a) +0 shortbow
Press: ? - help, Q - select action, (/) - cycle Shift-Dir - straight line, f/p - gnoll sergeant
Aim: a gnoll sergeant, wielding a +2 vorpal spear and wearing a +0 ring mail (moderately wounded, 72% to hit)
You shoot an arrow.
The arrow closely misses the gnoll sergeant.
The gnoll sergeant hits you with a +2 vorpal spear!
Fire: a) +0 shortbow
Press: ? - help, Q - select action, (/) - cycle Shift-Dir - straight line, f/p - gnoll sergeant
Aim: a gnoll sergeant, wielding a +2 vorpal spear and wearing a +0 ring mail (moderately wounded, 72% to hit)
You shoot an arrow.
The arrow barely misses the gnoll sergeant.
The gnoll sergeant completely misses you.
Throw: 5 darts (curare)
Press: ? - help, Shift-Dir - straight line, f/p - gnoll sergeant
Aim: a gnoll sergeant, wielding a +2 vorpal spear and wearing a +0 ring mail (moderately wounded, 69% to hit)
You throw a curare-tipped dart.
The curare-tipped dart closely misses the gnoll sergeant.
The gnoll sergeant hits you with a +2 vorpal spear!
Throw: 4 darts (curare)
Press: ? - help, Shift-Dir - straight line, f/p - gnoll sergeant
Aim: a gnoll sergeant, wielding a +2 vorpal spear and wearing a +0 ring mail (moderately wounded, 69% to hit)
You throw a curare-tipped dart.
The curare-tipped dart hits the gnoll sergeant.
The gnoll sergeant is poisoned.
The gnoll sergeant convulses.
The gnoll sergeant seems to slow down.
The gnoll sergeant is heavily wounded.
The gnoll hits you from afar with a +0 halberd!
* * * LOW HITPOINT WARNING * * *
The gnoll sergeant hits you with a +2 vorpal spear.
You die...

..# #.## #..# ..... ##..##
### ..... ##....###...
...... ##........... ......
##...)......## ......#
#####....#...#### .......
#@##....##...#
.......#####gs...##....##
..).......{.g...........####
.......g...................#
...............(####........
####...........## ###......
#...........# ##....#
#...........# #..###
#......##...# #...


You could see a gnoll sergeant (very poisoned, slow), a scorpion and a gnoll.

Vanquished Creatures
  Eustachio (D:4)
  Duvessa (D:4)
  An ogre (D:4)
  A scorpion (D:4)
  Dowan (D:4)
  2 iguanas (D:4)
  4 gnolls
  2 adders
  5 dart slugs
  11 orcs
  6 ball pythons
  9 endoplasms
  A giant cockroach (D:3)
  11 goblins
  7 hobgoblins
  5 jackals
  4 kobolds
  5 quokkas
  3 bats
  5 frilled lizards
  8 rats
93 creatures vanquished.

Notes
Turn   | Place    | Note
-------+----------+-------------------------------------------
     0 | D:1      | groovy9 the Formicid Hunter began the quest for the Orb.
     0 | D:1      | Reached XP level 1. HP: 16/16 MP: 1/1
   157 | D:1      | Reached XP level 2. HP: 22/22 MP: 2/2
   185 | D:1      | Found a faded altar of an unknown god.
   426 | D:1      | Reached XP level 3. HP: 27/27 MP: 3/3
   565 | D:1      | Reached skill level 5 in Ranged Weapons
  1044 | D:2      | Reached XP level 4. HP: 33/33 MP: 4/4
  1465 | D:3      | Reached skill level 6 in Ranged Weapons
  1465 | D:3      | Reached XP level 5. HP: 31/38 MP: 5/5
  2409 | D:3      | Found a shimmering blue altar of Sif Muna.
  2844 | D:4      | Noticed an ogre
  2862 | D:4      | Killed an ogre
  2863 | D:4      | Reached skill level 7 in Ranged Weapons
  2863 | D:4      | Reached XP level 6. HP: 44/44 MP: 6/6
  2963 | D:4      | Noticed Dowan
  2964 | D:4      | Noticed Duvessa
  2980 | D:4      | Killed Dowan
  2984 | D:4      | Killed Duvessa
  2985 | D:4      | Reached skill level 8 in Ranged Weapons
  2985 | D:4      | Reached XP level 7. HP: 10/50 MP: 7/7
  3249 | D:4      | Got Sif Muna's Omnibus of the Fetching Squall
  3411 | D:4      | Noticed Eustachio
  3436 | D:4      | Killed Eustachio
  3600 | D:4      | Identified the +3 whip of Blood-Lust {holy, rPois rF++
                  | Dex-4 SInv}
  4025 | D:5      | Entered Level 5 of the Dungeon
  4140 | D:5      | Reached skill level 9 in Ranged Weapons
  4156 | D:5      | Slain by a gnoll sergeant

Illustrated notes

Levels and vault maps discovered:
D:1:      ncdulo_wetmaze, layout_rooms, dreamdust_ecumenical_altar_statues,
          hangedman_decor_growths, minmay_tromino_mix6
D:2:      layout_basic, minivault_19, hangedman_decor_clover_reticule
D:3:      layout_basic, lemuel_blue_sif_altar
D:4:      layout_loops_ring, uniq_eustachio, uniq_duvessa
D:5:      layout_layer_cave

Skill      XL: |  1  2  3  4  5  6  7 |
---------------+----------------------+-----
Ranged Weapons | 5 6 7 8 9 |  9.0
Fighting       | |  2.1
Dodging        | |  1.7
Stealth        | |  1.2

Action                   |  1- 3 |  4- 6 |  7- 9 || total
-------------------------+-------+-------+-------++-------
 Fire: Shortbow          |   100 |   115 |    62 ||   277
Throw: Dart              |       |     2 |     5 ||     7
 Abil: Dig               |     2 |       |     2 ||     4
  Use: Scroll            |     5 |     4 |       ||     9
Armor: Leather armour    |     9 |     6 |     4 ||    19
Dodge: Dodged            |    17 |    28 |    14 ||    59
